 Dungeon Crawl Stone Soup version 0.25-a0-96-g4073cf80fb (webtiles) character file.

Game seed: 4438469603788221910, levelgen mode: deterministic

5839 vurker the Thaumaturge (level 10, -23/76 HPs)
             Began as a Mummy Fire Elementalist on Nov 11, 2019.
             Was an Initiate of Gozag.
             Annihilated by a flayed ghost (32 damage)
             ... on level 8 of the Dungeon.
             The game lasted 00:24:22 (14125 turns).

vurker the Thaumaturge (Mummy Fire Elementalist)   Turns: 14125, Time: 00:24:22

Health: -23/76     AC:  5    Str: 14    XL:     10   Next: 51%
Magic:  14/23      EV: 12    Int: 18    God:    Gozag
Gold:   1064       SH:  0    Dex: 13    Spells: 15/28 levels left

rFire    x . .     SeeInvis +   b - +2 dagger (venom)
rCold    + + .     Gourm    .   (no shield)
rNeg     + + +     Faith    .   a - +0 robe
rPois    ∞         Spirit   .   g - +1 hat
rElec    .         Reflect  .   (no cloak)
rCorr    .         Harm     +   o - +1 pair of gloves {Str+3}
MR       +....                  (no boots)
Stlth    ++........             j - amulet of harm
HPRegen  0.22/turn              e - ring of see invisible
MPRegen  0.18/turn              k - ring of protection from cold

@: no status effects
A: no food or potions, fire vulnerability, cold resistance 1, negative energy
resistance 3, torment resistance, unbreathing
a: Potion Petition, Call Merchant, Bribe Branch, Renounce Religion


You were on level 8 of the Dungeon.
You worshipped Gozag.
Gozag was most pleased with you.
You were not hungry.

You visited 2 branches of the dungeon, and saw 9 of its levels.

You collected 1647 gold pieces.
You spent 126 gold pieces at shops.
You paid 457 gold pieces to Gozag.

Inventory:

Hand Weapons
 b - a +2 dagger of venom (weapon)
   (You found it on level 8 of the Dungeon)
 u - a +0 dagger of freezing
   (You took it off an orc wizard on level 8 of the Dungeon)
Armour
 a - a +0 robe (worn)
 g - a +1 hat (worn)
   (You found it on level 1 of the Dungeon)
 o - a +1 pair of gloves of strength (worn)
   (You found it on level 6 of the Dungeon)
Jewellery
 e - a ring of see invisible (left hand)
   (You found it on level 1 of the Dungeon)
 j - an amulet of harm (around neck)
   (You found it on level 2 of the Dungeon)
 k - a ring of protection from cold (right hand)
   (You found it on level 3 of the Dungeon)
 q - an uncursed ring of resist corrosion
   (You found it on level 8 of the Dungeon)
Scrolls
 c - 7 scrolls of remove curse
 f - 2 scrolls of magic mapping
 h - a scroll of immolation
 i - a scroll of amnesia
 l - 2 scrolls of enchant armour
 m - 2 scrolls of fear
 n - 4 scrolls of identify
 p - 3 scrolls of blinking
 r - a scroll of enchant weapon
 s - 2 scrolls of teleportation
 t - a scroll of silence


   Skills:
 + Level 6.1 Fighting
 - Level 1.5 Dodging
 - Level 1.5 Stealth
 + Level 9.5 Spellcasting
 * Level 7.3 Conjurations
 * Level 7.8 Fire Magic


You had 15 spell levels left.
You knew the following spells:

 Your Spells              Type           Power        Failure   Level  Hunger
a - Flame Tongue          Conj/Fire      #####        1%          1    N/A
c - Conjure Flame         Conj/Fire      #####...     1%          3    N/A
q - Sticky Flame          Conj/Fire      #####...     3%          4    N/A
z - Fireball              Conj/Fire      #####.....   10%         5    N/A

Your spell library contained the following spells:

 Spells                   Type           Power        Failure   Level  Hunger
 Throw Flame              Conj/Fire      #####.       1%          2    N/A
 Inner Flame              Hex/Fire       ###.....     4%          3    N/A

Dungeon Overview and Level Annotations

Branches:
Dungeon (8/15)             Temple (1/1) D:4            Lair (0/6) D:8

Altars:
Ashenzari
Cheibriados
Dithmenos
Elyvilon
Fedhas
Gozag
Hepliaklqana
Kikubaaqudgha
Makhleb
Nemelex Xobeh
Okawaru
Qazlal
Ru
Sif Muna
Uskayaw
Vehumet
Wu Jian
Xom
Yredelemnul
Zin
The Shining One

Shops:
D:7 *((


Innate Abilities, Weirdness & Mutations

You do not eat or drink.
Your flesh is vulnerable to fire.
You are immune to poison.
Your flesh is cold resistant. (rC+)
You are immune to negative energy. (rN+++)
You are immune to unholy pain and torment.
You can survive without breathing.


Message History

You can't see any susceptible monsters within range! (Use Z to cast anyway.)
You can't see any susceptible monsters within range! (Use Z to cast anyway.)
You can't see any susceptible monsters within range! (Use Z to cast anyway.)
You now have 1054 gold pieces (gained 7).
You now have 1060 gold pieces (gained 6).
There is an open door here.
Found 17 stones.
There is an open door here.
There is an open door here.
Found a basalt altar of Yredelemnul.
There is an open door here.
There is an open door here.
The shadow is too close now for your liking.
A shadow is nearby!
Aim: a shadow The flame tongue hits the shadow!
The shadow hits you!
Aim: a shadow (severely damaged)
The flame tongue hits the shadow.
The shadow completely misses you.
Aim: a shadow (almost destroyed)
The flame tongue hits the shadow!
You destroy the shadow!
You can't see any susceptible monsters within range! (Use Z to cast anyway.)
You can't see any susceptible monsters within range! (Use Z to cast anyway.)
You now have 1064 gold pieces (gained 4).
There is an open door here.
There is an open door here.
Found 24 stones.
Found a sacrificial altar of Ru.
There is an open door here.
There is an open door here.
Found a basalt altar of Yredelemnul.
There is an open door here.
There is an open door here.
Found a runed quarterstaff and a dented zirconium amulet.
Found a crystal ball of energy.
Partly explored, can't reach some items.
Partly explored, can't reach some items.
You open the door.
Aim: a flayed ghost The sticky flame hits the flayed ghost!
The flayed ghost hits you!!
Aim: a flayed ghost (moderately damaged)
The flame tongue misses the flayed ghost.
The flayed ghost hits you!!
* * * LOW HITPOINT WARNING * * *
Here: a flayed ghost (moderately damaged)
An open translucent door.
Unknown command.
Aim: a flayed ghost (moderately damaged)
The sticky flame hits the flayed ghost!
The flayed ghost hits you!!
You die...
Your body crumbles into a pile of gold.

######...'#..###'###..#'...######
##...##.##..###...###..##.##...##
#.....###..##.......##..###.....#
#.._...'....'..._...'....'...⌠..#
#.....###..##.......##..###.....#
##...##.##..###...###..##.##...##
######...'#..###'###..#'(..######
.#####...###.........###._.#####.
.##.##...###'##8@8##'###...##....
))).###.###...##W##...###.###....
.....#####.....#.#.._..#####.###.
........###...##.##...###.##.....
..##.....######")}######......[<.
...........#############....[.[..
.....>##...##...............)...#
.........?.##.........###.......#
#.....................###..#.##.#


You could see a flayed ghost.

Vanquished Creatures
  Pikel (D:4)
  Grinder (D:3)
  2 wraiths (D:8)
  2 shadows (D:8)
  10 fire bats (D:8)
  3 hungry ghosts (D:7)
  Edmund (D:4)
  A water moccasin (D:8)
  A hornet zombie (D:6)
  An ice beast (D:8)
  A sky beast (D:8)
  2 slaves
  2 ogres
  2 centaurs
  2 bullfrogs
  2 scorpions (D:7)
  3 howler monkeys
  5 crimson imps
  5 hounds
  2 bullfrog skeletons (D:8)
  6 orc priests
  2 centaur skeletons
  A jelly (D:6)
  Terence (D:2)
  3 iguanas
  10 orc wizards
  4 worker ants
  A killer bee zombie (D:6)
  2 hound zombies
  A hound skeleton (D:5)
  Robin (D:2)
  A howler monkey zombie (D:5)
  10 adders
  8 gnolls
  3 shadow imps
  An adder zombie (D:6)
  2 worms
  A dart slug (D:4)
  2 leopard geckos (D:5)
  37 orcs
  80 bats
  3 giant cockroaches
  15 goblins
  6 hobgoblins
  6 jackals
  4 quokkas
  4 frilled lizards
  A jackal skeleton (D:8)
  8 kobolds
  A leopard gecko skeleton (D:6)
  22 rats
296 creatures vanquished.

Notes
Turn   | Place    | Note
-------+----------+-------------------------------------------
     0 | D:1      | vurker the Mummy Fire Elementalist began the quest for the
                  | Orb.
     0 | D:1      | Reached XP level 1. HP: 13/13 MP: 4/4
    65 | D:1      | Reached skill level 1 in Conjurations
   336 | D:1      | Reached skill level 3 in Spellcasting
   543 | D:1      | Reached XP level 2. HP: 19/19 MP: 1/6
  1047 | D:1      | Reached XP level 3. HP: 8/25 MP: 0/7
  1537 | D:2      | Noticed Robin
  1684 | D:2      | Reached skill level 1 in Fighting
  1890 | D:2      | Reached XP level 4. HP: 32/32 MP: 0/9
  2674 | D:2      | Reached skill level 4 in Spellcasting
  2702 | D:2      | Noticed Terence
  2705 | D:2      | Killed Terence
  2705 | D:2      | Reached XP level 5. HP: 27/37 MP: 7/11
  2925 | D:2      | Killed Robin
  3638 | D:3      | Noticed Grinder
  3640 | D:3      | Paralysed by Grinder for 7 turns
  3657 | D:3      | Killed Grinder
  3657 | D:3      | Reached skill level 5 in Spellcasting
  3657 | D:3      | Reached XP level 6. HP: 30/44 MP: 1/13
  3663 | D:3      | Learned a level 4 spell: Sticky Flame
  3667 | D:3      | Learned a level 3 spell: Conjure Flame
  3673 | D:3      | Learned a level 5 spell: Fireball
  4017 | D:3      | Found a hide-covered altar of Uskayaw.
  4022 | D:3      | Found a radiant altar of Vehumet.
  4023 | D:3      | Found an ornate altar of the Wu Jian Council.
  4027 | D:3      | Found a stormy altar of Qazlal.
  4745 | D:4      | Found a snail-covered altar of Cheibriados.
  4862 | D:4      | Noticed Edmund
  4873 | D:4      | HP: 1/46 [Edmund/+6 flail of crushing (3)]
  5192 | D:4      | Noticed Pikel
  5192 | D:4      | Noticed a slave
  5192 | D:4      | Noticed a slave
  5192 | D:4      | Noticed a slave
  5216 | D:3      | Killed a slave
  5426 | D:4      | Found a staircase to the Ecumenical Temple.
  5435 | Temple   | Entered the Ecumenical Temple
  5519 | Temple   | Became a worshipper of Gozag Ym Sagoz the Greedy
  5608 | D:4      | Reached XP level 7. HP: 49/51 MP: 12/15
  5867 | D:4      | Killed Edmund
  6622 | D:4      | Reached skill level 6 in Spellcasting
  6747 | D:4      | Killed Pikel
  6747 | D:4      | Reached skill level 5 in Fire Magic
  6747 | D:4      | Reached XP level 8. HP: 59/59 MP: 8/18
  6849 | D:4      | Found a white marble altar of Elyvilon.
  6954 | D:4      | Reached skill level 7 in Spellcasting
  7051 | D:5      | Entered Level 5 of the Dungeon
  8136 | D:5      | Found a burning altar of Makhleb.
  8137 | D:5      | Found a shimmering altar of Xom.
  8523 | D:6      | Found a shattered altar of Ashenzari.
  8538 | D:6      | Reached skill level 5 in Conjurations
  8957 | D:6      | Reached skill level 8 in Spellcasting
  9128 | D:6      | Found an ancient bone altar of Kikubaaqudgha.
  9234 | D:6      | Reached XP level 9. HP: 63/65 MP: 15/21
 10066 | D:7      | Found Kuvaot's Weapon Shoppe.
 10236 | D:7      | Found Favama's Weapon Emporium.
 10698 | D:7      | Found Ruacuj's General Store.
 11234 | D:7      | Bought a scroll of blinking for 90 gold pieces
 11234 | D:7      | Bought a scroll of teleportation for 36 gold pieces
 11274 | D:8      | Reached skill level 5 in Fighting
 11903 | D:8      | Found a staircase to the Lair.
 11933 | D:8      | Reached skill level 9 in Spellcasting
 12149 | D:8      | Found a white marble altar of Elyvilon.
 12161 | D:8      | Reached XP level 10. HP: 25/74 MP: 18/23
 12179 | D:8      | HP: 2/74 [fire bat (8)]
 13848 | D:8      | Found a hide-covered altar of Uskayaw.
 13852 | D:8      | Found a hide-covered altar of Uskayaw.
 13862 | D:8      | Found a runed translucent door.
 14046 | D:8      | Found a basalt altar of Yredelemnul.
 14108 | D:8      | Found a sacrificial altar of Ru.
 14113 | D:8      | Found a basalt altar of Yredelemnul.
 14120 | D:8      | Noticed a flayed ghost
 14125 | D:8      | Annihilated by a flayed ghost

Levels and vault maps discovered:
D:1:      minmay_arrival_arboretum_small, layout_basic
D:2:      layout_loops_ring, minmay_rat_hole, uniq_robin, uniq_terence
D:3:      layout_loops_corners, minitemple, roderic_roman_lattice, uniq_grinder
D:4:      layout_gridville, kennysheep_slug_shrine, elyvilon_altar_4,
          minmay_temple_entry_slanted, first_ration, uniq_pikel, uniq_edmund
D:5:      layout_basic, grunt_temple_overflow_champion_of_chaos,
          chequers_serial_rivers_small_a, nrook_pool_corridor,
          minmay_misc_feat_plants, interstate_on_off
D:6:      layout_basic, kiku_gazebo_garden_becter, evilmike_ruin_ashenzari
D:7:      layout_loops_ring, serial_shops, shop, nicolae_shop_window_shopping,
          shop
D:8:      due_megacathedral, layout_cave_pools, lair_entry_dummy
Temple:   jpeg_temple_clearing

Skill      XL: |  1  2  3  4  5  6  7  8  9 10 |
---------------+-------------------------------+-----
Conjurations   | 1 2 3 4 5 6 7 |  7.3
Spellcasting   | 3 4 5 6 8 9 |  9.5
Fighting       | 1 2 3 4 5 6 |  6.1
Fire Magic     | 3 4 5 7 |  7.8
Dodging        | |  1.5
Stealth        | |  1.5

Action                   |  1- 3 |  4- 6 |  7- 9 | 10-12 || total
-------------------------+-------+-------+-------+-------++-------
Melee: Unarmed           |    15 |       |       |       ||    15
       Dagger            |    27 |    13 |   118 |    62 ||   220
 Cast: Flame Tongue      |    71 |   110 |   284 |   111 ||   576
       Conjure Flame     |       |       |     6 |       ||     6
       Sticky Flame      |       |       |     9 |     2 ||    11
       Fireball          |       |       |     2 |     1 ||     3
Invok: Potion Petition   |       |       |       |     2 ||     2
Evoke: Wand              |       |       |    10 |    10 ||    20
  Use: Scroll            |       |     5 |     6 |     4 ||    15
Armor: Robe              |    28 |    10 |    58 |    55 ||   151
Dodge: Dodged            |    68 |    26 |   149 |   127 ||   370

Table legend:
 A = Non-vault XP
 B = Vault XP
 C = Vault XP percentage of total XP
 D = Non-vault monster count
 E = Vault monster count
 F = Vault count percentage of total count
                 A         B        C        D         E       F
            +---------+---------+-------+---------+---------+-------
      Total |    6222 |    2120 |  25.4 |     253 |      41 |  13.9
            +---------+---------+-------+---------+---------+-------
        D:1 |      57 |       0 |   0.0 |      21 |       0 |   0.0
        D:2 |      80 |      93 |  53.8 |      12 |      32 |  72.7
        D:3 |     119 |     304 |  71.9 |      23 |       1 |   4.2
        D:4 |     386 |     821 |  68.0 |      12 |       3 |  20.0
        D:5 |     420 |      46 |   9.9 |      26 |       1 |   3.7
        D:6 |     576 |       0 |   0.0 |      21 |       0 |   0.0
        D:7 |    1340 |       0 |   0.0 |      28 |       0 |   0.0
        D:8 |    3244 |     856 |  20.9 |     110 |       4 |   3.5
            +---------+---------+-------+---------+---------+-------
